 Dungeon Crawl Stone Soup version 0.28-a0-1080-g05a166d0ed (webtiles) character file.

Game seed: 5599517359346809864

94 siradein the Skirmisher (level 4, -2/35 HPs)
             Began as a Vampire Fighter on Dec 9, 2021.
             Succumbed to a scorpion's poison
             ... on level 3 of the Dungeon.
             The game lasted 00:03:36 (1517 turns).

siradein the Skirmisher (Vampire Fighter)           Turns: 1517, Time: 00:03:36

Health: -2/35      AC:  6    Str: 17    XL:     4   Next: 38%
Magic:  4/4        EV:  9    Int: 10    God:
Gold:   137        SH:  4    Dex: 13    Spells: 3/3 levels left

rFire   . . .      SeeInvis +   a - +0 long sword
rCold   . . .      Faith    .   c - +0 buckler
rNeg    . . .      Spirit   .   b - +0 scale mail
rPois   .          Reflect  .   (no helmet)
rElec   .          Harm     .   l - scarf {repulsion}
rCorr   .          Rampage  .   (no gloves)
Will    .....                   (no boots)
Stlth   ..........              i - amulet of magic regeneration
HPRegen 0.31/turn               (no ring)
MPRegen 0.49/turn               (no ring)

@: lethally poisoned (-2 -> -13), healing quickly, repel missiles
A: alive, fangs 3, see invisible, vampiric 2
a: Exsanguinate


You were on level 3 of the Dungeon.
You visited 1 branch of the dungeon, and saw 3 of its levels.

You collected 137 gold pieces.

Inventory:

Hand Weapons
 a - a +0 long sword (weapon)
Missiles
 n - 10 poisoned darts (quivered)
Armour
 b - a +0 scale mail (worn)
 c - a +0 buckler (worn)
 l - a scarf of repulsion (worn)
Jewellery
 i - an amulet of magic regeneration (around neck)
Scrolls
 e - a scroll of vulnerability {unknown}
 f - a scroll of immolation {unknown}
 g - 3 scrolls of identify {unknown}
 h - a scroll of acquirement {unknown}
 j - a scroll of enchant weapon {unknown}
Potions
 d - 2 potions of might
 k - a potion of attraction {unknown}
 m - a potion of cancellation {unknown}


   Skills:
 + Level 3.3 Fighting
 + Level 2.7 Long Blades
 + Level 2.9 Armour
 + Level 1.1 Dodging
 + Level 3.2 Shields


You had 3 spell levels left.
You didn't know any spells.
Your spell library was empty.

Dungeon Overview and Level Annotations

Branches:
Dungeon (3/15)

Altars:


Innate Abilities, Weirdness & Mutations

Your natural rate of healing is accelerated.
You have razor-sharp teeth.
You have supernaturally acute eyesight. (SInv)
You are afflicted with vampirism and can become a bat while bloodless.


Message History

The scorpion stings you.
You closely miss the scorpion. Your bite misses the scorpion.
You block the scorpion's attack. The scorpion stings you.
The scorpion stings you but does no damage.
The scorpion stings you!
You see here 14 poisoned darts.
n - 14 poisoned darts The scorpion stings you.
You are poisoned.
The scorpion poisons you!
Throw: 14 darts (poison)
Press: ? - help, Q - select action Shift-Dir - straight line, f - scorpion
Aim: a scorpion (57% to hit)
You throw a poisoned dart.
The poisoned dart barely misses the scorpion.
You feel very sick.
The scorpion stings you but does no damage.
Throw: 13 darts (poison)
Press: ? - help, Q - select action Shift-Dir - straight line, f/p - scorpion
Aim: a scorpion (57% to hit)
You throw a poisoned dart. The poisoned dart hits the scorpion.
You feel sick. The scorpion stings you.
You are lethally poisoned!
The scorpion poisons you!
Throw: 12 darts (poison)
Press: ? - help, Q - select action Shift-Dir - straight line, f/p - scorpion
Aim: a scorpion (57% to hit)
You throw a poisoned dart. The poisoned dart hits the scorpion.
The scorpion is poisoned.
* * * LOW HITPOINT WARNING * * *
You feel very sick. The scorpion stings you!
* * * LOW HITPOINT WARNING * * *
You block the scorpion's attack.
Throw: 11 darts (poison)
Press: ? - help, Q - select action Shift-Dir - straight line, f/p - scorpion
Aim: a scorpion (lightly wounded, poisoned, 57% to hit)
You throw a poisoned dart. The poisoned dart hits the scorpion.
The scorpion is lightly wounded.
You die...

########.#..##...####.#
#.....).....<.......#.#######
#..#####.....######..........
####..# ######## #..# # #..#
# #..# # #.s# # #.@# # #..# #
#..# # ...# # ###.# # #.# #.#
#.#


You could see a scorpion (poisoned).

Vanquished Creatures
  An orc wizard (D:3)
  2 adders
  2 worms
  4 orcs (D:3)
  2 ball pythons
  4 endoplasms (D:1)
  3 giant cockroaches
  4 goblins
  4 hobgoblins
  A quokka (D:1)
  4 bats
  2 frilled lizards (D:1)
  5 kobolds
  3 rats (D:1)
41 creatures vanquished.

Notes
Turn   | Place    | Note
-------+----------+-------------------------------------------
     0 | D:1      | siradein the Vampire Fighter began the quest for the Orb.
     0 | D:1      | Reached XP level 1. HP: 17/17 MP: 1/1
   247 | D:1      | Found a faded altar of an unknown god.
   275 | D:1      | Reached XP level 2. HP: 23/23 MP: 2/2
   715 | D:2      | Gained mutation: You are afflicted with vampirism and can
                  | become a bat while bloodless. [Vampire growth]
   715 | D:2      | Reached XP level 3. HP: 29/29 MP: 3/3
  1434 | D:3      | Reached skill level 1 in Dodging
  1434 | D:3      | Reached XP level 4. HP: 32/35 MP: 4/4
  1498 | D:3      | Noticed a scorpion
  1516 | D:3      | HP: 1/35 [scorpion (7)]
  1517 | D:3      | Succumbed to a scorpion's poison

Illustrated notes

Levels and vault maps discovered:
D:1:      grunt_arrival_lava_bath, layout_loops_ring,
          shapermc_ecumenical_altar_acropolis
D:2:      layout_loops_ring
D:3:      layout_loops_ring, grunt_temple_overflow_magic_moments, serial_shops,
          shop_statue, glass_columns_a, uniq_terence

Skill      XL: |  1  2  3 |
---------------+----------+-----
Fighting       | 3 |  3.3
Shields        | 3 |  3.2
Dodging        | 1 |  1.1
Long Blades    | |  2.7
Armour         | |  2.9

Action                   |  1- 3 |  4- 6 || total
-------------------------+-------+-------++-------
Melee: Long sword        |    84 |    13 ||    97
       Bite              |    10 |     1 ||    11
Throw: Dart              |       |     4 ||     4
Armor: Scale mail        |    33 |     5 ||    38
Dodge: Dodged            |    42 |     4 ||    46
Block: Buckler           |    28 |     6 ||    34

Table legend: (Time is in decaauts)
 A = Elapsed time spent in this place.
 B = Non-inter-level travel time spent in this place.
 C = Inter-level travel time spent in this place.
 D = Time resting spent in this place.
 E = Time spent auto-exploring this place.
 F = Levels seen in this place.
 G = Mean time per level.
                   A        B        C        D        E       F      G
               +--------+--------+--------+--------+--------+-----+--------+
         Total |   1549 |   1549 |      0 |      0 |   1186 |   3 |  516.3 |
       Dungeon |   1549 |   1549 |      0 |      0 |   1186 |   3 |  516.3 |
               +--------+--------+--------+--------+--------+-----+--------+

Top non-repeatable levels by time:
     D:2: 747 daAuts
     D:1: 643 daAuts
     D:3: 158 daAuts
